AoeStats
← IsraDguez

Arabia

510635142Analyzed
1v1 RM · 1d ago on Oct 1, 2026· 46m 25s· 2 players
Game mode
Random Map
Map size
Tiny (2 player)
Population
200
Speed
Normal
Resources
Standard
Victory
Conquest
Starting age
Dark Age
Ending age
Imperial Age
RankedLock teamsTeams togetherTeam positionsShared explorationLock speedFull tech treeHidden civsTurbo modeCheats
Victory
Defeat
🇲🇽 Maya · Mexico
880
+15
🇮🇹 Britons · Italy
848
-15
~Giulia~
0:28 Loom
11:44 Feudal Age
12:14 Double-Bit Axe
12:12 Horse Collar
13:11 Town Watch
20:30 Fletching
24:21 Padded Archer Armor
27:12 Castle Age
25:53 Gold Mining
26:02 Stone Mining
27:45 Elite Skirmisher
27:48 Crossbowman
30:01 Bodkin Arrow
32:19 Arson
39:08 Imperial Age
IsraDguez
0:31 Loom
9:57 Feudal Age
13:13 Scale Mail Armor
17:16 Fletching
22:06 Castle Age
20:54 Padded Archer Armor
20:47 Double-Bit Axe
21:59 Forging
22:08 Horse Collar
23:14 Bodkin Arrow
22:51 Crossbowman
24:37 Chain Mail Armor
25:46 Thumb Ring
27:13 Squires
31:21 Ballistics
32:28 Wheelbarrow
31:56 Eagle Warrior
37:04 Imperial Age
36:17 Hand Cart
36:19 Arson
37:10 Gold Mining
38:19 Plate Mail Armor
37:48 Capped Ram
40:38 Elite Eagle Warrior
43:04 Iron Casting
45:13 Holcans
45:03 Conscription
46:28 Blast Furnace
Connection lost

Rejoining the realm…

Still unreachable

The connection could not be restored.

Session expired

The server has moved on; the page needs a fresh start.